 Dungeon Crawl Stone Soup version 0.31.0-12-g77e489cdc1 (webtiles) character file.

Game seed: 16935203592751254134

118 Aneyh the Slasher (level 5, -2/32 HPs)
             Began as a Tengu Monk on Feb 18, 2024.
             Slain by a water moccasin (8 damage)
             ... on level 3 of the Dungeon.
             The game lasted 00:04:50 (1965 turns).

Aneyh the Slasher (Tengu Monk)                      Turns: 1965, Time: 00:04:51

Health: -2/32      AC:  3    Str: 11    XL:     5   Next: 2%
Magic:  6/6        EV: 13    Int: 11    God:
Gold:   161        SH:  0    Dex: 18    Spells: 4/4 levels left

rFire   . . .        a - +0 falchion
rCold   . . .        (no shield)
rNeg    + . .        n - +0 leather armour
rPois   .            (helmet restricted)
rElec   .            (no cloak)
rCorr   .            (no gloves)
SInv    .            (boots unavailable)
Will    .....        (no amulet)
Stlth   +            l - ring of positive energy
HPRegen 0.25/turn    (no ring)
MPRegen 0.10/turn

%: acrobat
@: lethally poisoned (-2 -> -6)
A: beak, talons 3, acrobatic
a: no special abilities


You were on level 3 of the Dungeon.
You visited 1 branch of the dungeon, and saw 3 of its levels.

You collected 161 gold pieces.

Inventory:

Hand Weapons
 a - a +0 falchion (weapon)
Armour
 b - a +0 robe
 d - an orb of light
 n - a +0 leather armour (worn)
Jewellery
 l - a ring of positive energy (left hand)
Talismans
 q - a talisman of death
Scrolls
 e - 3 scrolls of vulnerability {unknown}
 f - 2 scrolls of enchant weapon {unknown}
 o - 2 scrolls of teleportation {unknown}
 p - a scroll of torment {unknown}
 s - a scroll of noise {unknown}
Potions
 c - a potion of ambrosia
 h - 2 potions of enlightenment {unknown}
 i - a potion of invisibility {unknown}
 j - 2 potions of heal wounds {unknown}
 k - 2 potions of degeneration {unknown}
 m - a potion of brilliance {unknown}
 r - 4 potions of curing {unknown}


   Skills:
 - Level 3.0 Fighting
 + Level 6.1 Long Blades
 - Level 3.2 Dodging


You had 4 spell levels left.
You didn't know any spells.
Your spell library contained the following spells:

 Spells                   Type           Power      Damage    Failure   Level
 Slow                     Hex            0%         N/A       43%         1
 Confusing Touch          Hex            0%         N/A       80%         3
 Frozen Ramparts          Ice            0%         1d1       80%         3
 Sigil of Binding         Hex            0%         N/A       80%         3
 Vampiric Draining        Necr           0%         2d6       80%         3
 Leda's Liquefaction      Alch/Erth      0%         N/A       99%         4
 Petrify                  Alch/Erth      0%         N/A       99%         4
 Metabolic Englaciation   Hex/Ice        0%         N/A       100%        5


Dungeon Overview and Level Annotations

Branches:
Dungeon (3/15)

Altars:

Shops:
D:1 (?!*[


Innate Abilities, Weirdness & Mutations

You have a beak for a mouth.
You have claws for feet.
You can magically evade attacks while moving or waiting.


Message History

The hound is almost dead.
The hound misses you. The hound barely misses you.
You hit the hound.
You kill the hound!
Your Long Blades skill increases to level 6!
You have reached level 5!
You closely miss the orc. You claw the orc. Your peck misses the orc.
The orc is heavily wounded.
The orc hits you but does no damage.
You hit the orc.
You kill the orc!
The water moccasin bites you.
You are poisoned.
The water moccasin poisons you!
Unknown command.
You are too injured to fight recklessly!
Throw: throwing net
Press: ? - help, Q - select action Shift-Dir - straight line, f - water moccasin
Aim: a water moccasin (40% to hit)
You throw a throwing net.
The throwing net hits the water moccasin.
The water moccasin is caught in the net!
You feel very sick.
The water moccasin struggles against the net.
You slash the water moccasin! You claw the water moccasin.
You peck the water moccasin.
The water moccasin is severely wounded.
You feel very sick.
The water moccasin struggles against the net. x2
You barely miss the water moccasin. You claw the water moccasin.
The water moccasin is severely wounded.
* * * LOW HITPOINT WARNING * * *
You feel sick.
The water moccasin struggles against the net.
The net rips apart, and the water moccasin comes free!
You miss the water moccasin.
The water moccasin is severely wounded.
* * * LOW HITPOINT WARNING * * *
You feel sick. The water moccasin bites you!
You die...

#.##.#.†...#.##
.....'.)...#(.#
#.#.#########.#
#.#.#)......#.#
..#.#!.....)'.#
....#!......#g####
##..#########...g#
#...'.†...#...#S#
#.#.#.)...#.#.#@#
#.#.#######.#.#.#
#.#..#.).#....#.#
#....##)##.###..#
##.#..#'#..##..##
#.##.........##
#.........####
###########


You could see a water moccasin and a goblin.

Vanquished Creatures
  A hound (D:3)
  An adder (D:2)
  2 ribbon worms
  3 dart slugs (D:2)
  4 orcs (D:3)
  6 ball pythons
  A bat (D:1)
  4 endoplasms
  2 giant cockroaches
  4 goblins
  7 hobgoblins
  5 jackals
  2 frilled lizards
  9 kobolds
  9 rats
60 creatures vanquished.

Notes
Turn   | Place    | Note
-------+----------+-------------------------------------------
     0 | D:1      | Aneyh the Tengu Monk began the quest for the Orb.
     0 | D:1      | Reached XP level 1. HP: 14/14 MP: 2/2
    17 | D:1      | Noticed an ogre
    44 | D:1      | Found Zozociv's Distillery.
    45 | D:1      | Found Axutz's General Store.
    74 | D:1      | Found Eryful's Armour Shoppe.
   210 | D:1      | Reached XP level 2. HP: 6/19 MP: 3/3
   211 | D:1      | Reached skill level 4 in Long Blades
   382 | D:1      | Found Bigouho's Antique Weapon Boutique.
   448 | D:1      | Found Qecateo's Magic Scroll Boutique.
  1046 | D:2      | Reached XP level 3. HP: 23/23 MP: 4/4
  1178 | D:2      | Reached skill level 5 in Long Blades
  1202 | D:2      | Found a faded altar of an unknown god.
  1366 | D:2      | Reached XP level 4. HP: 23/28 MP: 5/5
  1947 | D:3      | Noticed a water moccasin
  1960 | D:3      | Reached skill level 6 in Long Blades
  1960 | D:3      | Reached XP level 5. HP: 22/32 MP: 6/6
  1965 | D:3      | Slain by a water moccasin

Illustrated notes

Levels and vault maps discovered:
D:1:      evilmike_arrival_come_back, layout_basic, serial_shops,
          shop_fountains, shop, nicolae_shop_back_alley_shop, shop_fountains,
          shop, minmay_three_crescents
D:2:      layout_basic, shapermc_ecumenical_altar_venn
D:3:      layout_rooms, minmay_divided_ellipse

Skill      XL: |  1  2  3  4 |
---------------+-------------+-----
Long Blades    | 4 5 6 |  6.1
Fighting       | |  3.0
Dodging        | |  3.2

Action                     |  1- 3 |  4- 6 || total
---------------------------+-------+-------++-------
  Melee: Falchion          |    69 |    52 ||   121
         Kick              |    18 |    19 ||    37
         Peck              |     8 |     8 ||    16
  Throw: Throwing net      |       |     1 ||     1
   Stab: Sleeping          |     1 |       ||     1
 Armour: Robe              |     5 |       ||     5
         Leather armour    |    18 |    32 ||    50
  Dodge: Dodged            |    46 |    46 ||    92
